[Event "Early-Titled-Tuesday-Blitz-May-28-2024"]
[Site "Chess.com"]
[Date "2024.05.28"]
[Round "3"]
[White "NikFil2013"]
[Black "aghasiyevkamal"]
[Result "0-1"]
[WhiteElo "2454"]
[BlackElo "2639"]
[TimeControl "180+1"]
[EndTime "8:29:28 PDT"]
[Termination "aghasiyevkamal won by resignation"]

1. d4 d5 2. c4 e6 3. Nc3 Nf6 4. cxd5 exd5 5. Bg5 Nbd7 6. e3 c6 7. Bd3 Be7 8. Qc2 h6 9. Bh4 Nh5 10. Bxe7 Qxe7 11. Nge2 Nb6 12. O-O-O Bd7 13. Rhg1 O-O-O 14. Ng3 Nxg3 15. hxg3 Kb8 16. Kb1 Qf6 17. Rgf1 Rc8 18. Na4 Nxa4 19. Qxa4 Bf5 20. Bxf5 Qxf5+ 21. Qc2 Qxc2+ 22.
Kxc2 h5 23. Rh1 Rh6 24. Kd3 Re8 25. Rh2 Rf6 26. Rf1 g6 27. Rh4 Kc7 28. Rf4 Rxf4 29. gxf4 Kd6 30. Rc1 b6 31. b4 Ra8 32. Rb1 a5 33. b5 a4 34. a3 c5 35. Kc3 Rc8 36. Rb2 f6 37. Kd3 g5 38. fxg5 fxg5 39. f3 h4 40. Rb1 Rf8 41. Rh1 Rf7 42. Rh2 cxd4 43.
exd4 Ke6 44. Rh1 Kf5 45. Re1 Kf4 46. Re5 Rg7 47. Rxd5 Kg3 48. Ke3 Kxg2 49. f4 h3 50.
Rxg5+ Rxg5 51. fxg5 h2 0-1

[Event "Early-Titled-Tuesday-Blitz-May-28-2024"]
[Site "Chess.com"]
[Date "2024.05.28"]
[Round "3"]
[White "ploxoi"]
[Black "betta2004"]
[Result "0-1"]
[WhiteElo "2373"]
[BlackElo "2599"]
[TimeControl "180+1"]
[EndTime "8:29:28 PDT"]
[Termination "betta2004 won by resignation"]

1. d4 Nf6 2. c4 e6 3. g3 d5 4. Nf3 Be7 5. Bg2 O-O 6. O-O b6 7.
cxd5 exd5 8. Nc3 Bb7 9. Ne5 Ne4 10. Nxe4 dxe4 11. Be3 Nd7 12. Qc2 Nf6 13. Nc6 Qd6 14. Rac1 Rfe8 15. Rfd1 Bf8 16. Bf4 Qxc6 17. Qxc6 Bxc6 18.
Rxc6 Nd5 19. Bd2 f5 20. Rdc1 Rad8 21. e3 Bd6 22. Bh3 g6 23. Bf1 Kg7 24. Bb5 Rf8 25. a3 a5 26. h4 h6 27. R6c2 g5 28. Bc4 Nf6 29. hxg5 hxg5 30. Kg2 Rh8 31. Be6 Kg6 32.
Rh1 Rxh1 33. Kxh1 Rh8+ 34. Kg1 Ng4 35. b4 a4 36. Bd7 Nh2 37. Bxa4 Nf3+ 38. Kg2 Rh2+ 39.
Kf1 Bxg3 40. Be8+ Kg7 41. Bc3 Bd6 42. d5+ Kf8 43. Bg6 Nh4 44. Bh7 g4 45. Bf6 Nf3 46. Ke2 Rh1 47. Bc3 Rxh7 48. Rc1 Rh2 49. Rf1 g3 50. a4 g2 51. Rd1 0-1

[Event "Early-Titled-Tuesday-Blitz-May-28-2024"]
[Site "Chess.com"]
[Date "2024.05.28"]
[Round "3"]
[White "BarloNadera"]
[Black "jbking07"]
[Result "0-1"]
[WhiteElo "2047"]
[BlackElo "2384"]
[TimeControl "180+1"]
[EndTime "8:29:28 PDT"]
[Termination "jbking07 won on time"]

1. d4 d5 2. Nf3 Nf6 3. c4 e6 4.
Bg5 dxc4 5. Qa4+ Nbd7 6. e3 Bd6 7. Bxc4 O-O 8. Qc2 h6 9. Bh4 e5 10. Nc3 exd4 11. Nxd4 Nb6 12. Be2 c5 13. Nf5 Be5 14.
Rd1 Qc7 15. Nb5 Qb8 16. Ne7+ Kh8 17. f4 Bc7 18. Bxf6 gxf6 19. Qc3 Kg7 20. O-O a6 21.
Nxc7 Qxc7 22. Nd5 Nxd5 23. Rxd5 b6 24. Rfd1 Be6 25. Rd6 Rfd8 26. Rxd8 Rxd8 27. Rxd8 Qxd8 28. a3 a5 29. Kf2 Qd6 30. g4 Qe7 31. h4 Kg8 32. Bf3 f5 33. g5 hxg5 34. hxg5 Qd6 35. Kg3 Bd7 36. Bh5 Bc6 37. Qb3 Bd5 38. Qc3 Qe6 39.
Qd3 c4 40. Qd4 Qe4 41. Qxe4 fxe4 42. Kg4 Kg7 43. f5 b5 44. Kf4 b4 45. axb4 axb4 46. Bd1 c3 0-1

[Event "Early-Titled-Tuesday-Blitz-May-28-2024"]
[Site "Chess.com"]
[Date "2024.05.28"]
[Round "3"]
[White "GothamChess"]
[Black "FairChess_on_YouTube"]
[Result "0-1"]
[WhiteElo "2788"]
[BlackElo "3083"]
[TimeControl "180+1"]
[EndTime "8:29:30 PDT"]
[Termination "FairChess_on_YouTube won on time"]

1. e4 e5 2. Nf3 Nc6 3. c3 d5 4. Qa4 Qd6 5. d4 exd4 6. e5 Qg6 7. cxd4 Bd7 8. Qb3 Nb4 9. Na3 a5 10. Be2 Qxg2 11. Rg1 Qh3 12. Nb5 Bxb5 13. Bxb5+ c6 14. Be2 a4 15. Qd1 Qf5 16. Kf1 Ne7 17. a3 Na6 18.
Qxa4 Ng6 19. Qb3 Qh3+ 20. Ke1 Qd7 21. h4 Ne7 22. e6 fxe6 23. Ne5 Qc7 24. Bf4 Nf5 25.
Bh5+ g6 26. Nxg6 Qf7 27. Ne5 Qxh5 28. Qxb7 Nb8 29. Rg5 Qxh4 30. Qc8+ Ke7 31. Qc7+ Ke8 32. Qc8+ Ke7 33. Qb7+ Ke8 34. Qxa8 Bd6 35. Qb7 Qxf4 36. Qf7+ Kd8 37. Rg8+ Rxg8 38. Qxg8+ Kc7 39. Qxh7+ Be7 40.
Qh3 Qxd4 41. Nf3 Qxb2 42. Rd1 Nd7 43. Qh2+ Bd6 44. Qh7 Qxa3 45. Ng5 Qc3+ 46. Kf1 Qf6 47. Qg8 Ne3+ 48. Ke2 Nxd1 49. Nxe6+ Kb6 50. Kxd1 Nc5 51. Nd8 Bc7 52. Nf7 Ne4 0-1

[Event "Early-Titled-Tuesday-Blitz-May-28-2024"]
[Site "Chess.com"]
[Date "2024.05.28"]
[Round "3"]
[White "GMAneta"]
[Black "Arteler"]
[Result "0-1"]
[WhiteElo "2540"]
[BlackElo "2236"]
[TimeControl "180+1"]
[EndTime "8:29:30 PDT"]
[Termination "Arteler won on time"]

1. d4 Nf6 2. Nf3 g6 3. c4 Bg7 4. g3 d6 5. Bg2 O-O 6. O-O Nc6 7.
Nc3 a6 8. h3 Rb8 9. e4 e5 10.
d5 Ne7 11. c5 Nd7 12. cxd6 cxd6 13. a4 f5 14. Ng5 Nf6 15. exf5 gxf5 16. Qb3 Kh8 17. Rd1 e4 18. Bf4 Ng6 19. Be3 Ne5 20. Ba7 Ra8 21. Bb6 Qe7 22. a5 Bd7 23. Bd4 Bc8 24.
Rac1 h6 25. Ne6 Bxe6 26. dxe6 Nd3 27. Rc2 Rfe8 28. Nd5 Qxe6 29. Bxf6 Bxf6 30. Qxb7 Rab8 31. Qc6 Rec8 32. Qxc8+ Rxc8 33. Rxc8+ Qxc8 34. Nxf6 Qc2 35. Rf1 Kg7 36. Nd5 Qxb2 37. Ne3 Qe5 38. Rb1 f4 39. Rb7+ Kg6 40. Ng4 Qa1+ 41. Kh2 f3 42. Bh1 Qxa5 43. Rd7 Qc5 0-1

[Event "Early-Titled-Tuesday-Blitz-May-28-2024"]
[Site "Chess.com"]
[Date "2024.05.28"]
[Round "3"]
[White "twofoxniel"]
[Black "KuzubovYuriy"]
[Result "1-0"]
[WhiteElo "2686"]
[BlackElo "2888"]
[TimeControl "180+1"]
[EndTime "8:29:31 PDT"]
[Termination "twofoxniel won by resignation"]

1. e4 c5 2. c3 Nf6 3. e5 Nd5 4. d4 cxd4 5. cxd4 d6 6. Nf3 Nc6 7. Bc4 Nb6 8. Bb5 Bd7 9. Nc3 a6 10. Bxc6 bxc6 11. h3 Bf5 12. Nh4 Be6 13. O-O Bd5 14. Qg4 e6 15. Bg5 Qd7 16. Rac1 h6 17. Be3 g5 18. Nf3 Nc4 19. b3 Nb6 20. Qh5 Rg8 21. Nh2 Bg7 22. Ng4 O-O-O 23. Rc2 Kb7 24. Rfc1 Rc8 25. exd6 f6 26. Qg6 Qe8 27. Qd3 Qd8 28.
Na4 Nxa4 29. bxa4 Qxd6 30. Rb2+ Ka7 31. Rcb1 Rb8 32. Qh7 Rxb2 33. Rxb2 Qf8 34. Qb1 Qf7 35. a5 h5 36. Rb6 Qc7 37. Qd3 Qc8 38. Nh2 Bf8 39.
Qh7+ Rg7 40. Qxh5 Bd6 41. Qh6 Rf7 42. Ng4 Bc7 43. Nxf6 Bxb6 44. axb6+ Kxb6 45. Nxd5+ cxd5 46. Qxg5 Qc2 47. Qe5 Qe4 48. Qd6+ Kb7 49. g3 Rc7 50. Qb4+ Ka7 51. Kh2 Rb7 52. Qc3 Qf3 53. Qc5+ Ka8 54.
Qc8+ Ka7 55. Qc5+ Kb8 56. Bf4+ Ka8 57. Qf8+ Ka7 58. Bb8+ 1-0

[Event "Early-Titled-Tuesday-Blitz-May-28-2024"]
[Site "Chess.com"]
[Date "2024.05.28"]
[Round "3"]
[White "emeli_chess"]
[Black "toniv1"]
[Result "1-0"]
[WhiteElo "2430"]
[BlackElo "2238"]
[TimeControl "180+1"]
[EndTime "8:29:34 PDT"]
[Termination "emeli_chess won by resignation"]

1. d4 Nf6 2. c4 e6 3. Nc3 d5 4. cxd5 exd5 5. Bg5 Bb4 6. e3 O-O 7.
Bd3 h6 8. Bh4 c6 9. Ne2 Re8 10.
O-O Nbd7 11. Qc2 Nf8 12. Rae1 Bg4 13. f3 Bh5 14. Nc1 Bg6 15. Nb3 Bxd3 16. Qxd3 Ng6 17. Bg3 a5 18. a3 Bf8 19. Qc2 a4 20. Nc5 Bxc5 21. dxc5 d4 22. exd4 Qxd4+ 23. Bf2 Qf4 24. Bg3 Qd4+ 25. Qf2 Qxf2+ 26. Kxf2 Ne7 27. Bd6 Nfd5 28.
Ne4 Nf5 29. g4 Nd4 30. Nd2 f6 31. Nc4 Kh7 32. h4 Nc2 33. Rc1 Nce3 34. Nxe3 Rxe3 35.
Rfe1 Rae8 36. h5 Kg8 37. Rxe3 Rxe3 38. Rc4 Rb3 39. Rxa4 Rxb2+ 40. Kg3 Kf7 41. Ra8 Rb3 42. a4 Nc3 43. Rf8+ Ke6 44. Re8+ Kd5 45. Re3 Kc4 46. Bf8 Nxa4 47. Rxb3 Kxb3 48. Bxg7 Nxc5 49. Bxh6 Ne6 50. f4 c5 51. g5 fxg5 52. fxg5 c4 53. g6 c3 54. g7 Nxg7 55. Bxg7 c2 56. Bh6 Kb2 57. Be3 b5 58. h6 c1=Q 59. Bxc1+ Kxc1 60. h7 b4 61. h8=Q b3 62. Qc3+ 1-0

[Event "Early-Titled-Tuesday-Blitz-May-28-2024"]
[Site "Chess.com"]
[Date "2024.05.28"]
[Round "3"]
[White "stollenmonster"]
[Black "Kumi29"]
[Result "0-1"]
[WhiteElo "2883"]
[BlackElo "2576"]
[TimeControl "180+1"]
[EndTime "8:29:37 PDT"]
[Termination "Kumi29 won by checkmate"]

1. e4 e5 2. Nc3 Nf6 3. g3 Bc5 4. Bg2 Nc6 5. h3 d6 6. Nge2 g5 7. d3 h6 8. Nd5 Nxd5 9. exd5 Nd4 10. Nxd4 Bxd4 11. c3 Bb6 12. O-O Qf6 13. Be3 Bd7 14.
a4 h5 15. a5 Bxe3 16. fxe3 Qg6 17. e4 O-O-O 18. a6 b6 19. b4 f5 20. c4 f4 21. c5 fxg3 22. Qc2 Kb8 23. Rac1 Rc8 24.
Qd2 h4 25. c6 Bxh3 26. Bxh3 g4 27. Qg2 Rcf8 28. Kh1 Qg5 29. Rcd1 Rf4 30. d4 Rhf8 31. dxe5 dxe5 32. d6 cxd6 33. c7+ Kc8 34. Qa2 Rxf1+ 35. Bxf1 Qf6 36. Qe2 Qf4 37. Kg1 h3 38. Kh1 Qf3+ 39. Qxf3 gxf3 40. Bxh3+ Kxc7 41. Kg1 Kc6 42. Rc1+ Kb5 43.
Bf1+ Kxb4 44. Rb1+ Kc3 45. Rc1+ Kd4 46. Rd1+ Kxe4 47.
Rxd6 Kf4 48. Rd7 e4 49. Rxa7 e3 50. Re7 Rh8 51. a7 f2+ 52. Kg2 Rh2# 0-1

[Event "Early-Titled-Tuesday-Blitz-May-28-2024"]
[Site "Chess.com"]
[Date "2024.05.28"]
[Round "3"]
[White "RobertJFischer71"]
[Black "Daaksboy"]
[Result "1-0"]
[WhiteElo "2641"]
[BlackElo "2460"]
[TimeControl "180+1"]
[EndTime "8:29:37 PDT"]
[Termination "RobertJFischer71 won by resignation"]

1. e4 c5 2. Nf3 d6 3. d4 cxd4 4. Nxd4 Nf6 5. Nc3 a6 6. h3 Nc6 7. g4 g6 8. Be3 Nxd4 9. Qxd4 Bg7 10. Be2 O-O 11. Qd2 Be6 12. g5 Nd7 13. f4 Rc8 14. Bd4 Bxd4 15. Qxd4 Qb6 16. Qxb6 Nxb6 17. O-O-O Rxc3 18. bxc3 Rc8 19. Kd2 Na4 20. Bg4 Nxc3 21. Rde1 Rc4 22.
Kd3 b5 23. f5 gxf5 24. exf5 Bd5 25. Rxe7 Be4+ 26. Kd2 Kf8 27. f6 Bxh1 28. Bd7 Re4 29. Kxc3 Rxe7 30. fxe7+ Kxe7 31. Bf5 Bg2 32. h4 f6 33.
Bxh7 fxg5 34. hxg5 Bf3 35. Kd4 Ke6 36. Be4 Bh5 37. a3 Be8 38. c3 a5 39. Bd3 Bd7 40. Bf1 Be8 41. Bh3+ Kf7 42. Bf5 Ke7 43. Kd5 Bf7+ 44. Kc6 Bc4 45. Kb6 a4 46. Kc6 Kf7 47. Kxd6 Kg7 48. Ke5 Kf7 49. Kd4 Kg7 50. Bd3 Bxd3 51. Kxd3 Kg6 52. Kd4 Kxg5 53. Kc5 Kf4 54. Kxb5 Ke4 55. c4 Kd3 56. c5 1-0

[Event "Early-Titled-Tuesday-Blitz-May-28-2024"]
[Site "Chess.com"]
[Date "2024.05.28"]
[Round "3"]
[White "FollowRivers"]
[Black "FMalexhdez"]
[Result "1-0"]
[WhiteElo "2464"]
[BlackElo "2265"]
[TimeControl "180+1"]
[EndTime "8:29:37 PDT"]
[Termination "FollowRivers won on time"]

1. Nf3 c5 2. e4 d6 3. d4 cxd4 4. Nxd4 Nf6 5. Nc3 a6 6. h3 e5 7. Nde2 h5 8. g3 Be6 9. Bg2 Nbd7 10. O-O Rc8 11. Be3 Be7 12. Nd5 Nxd5 13. exd5 Bf5 14. c3 O-O 15. f4 exf4 16. Nxf4 Bg5 17.
Qxh5 Re8 18. Bd2 Bxf4 19. Bxf4 Bg6 20. Qf3 Ne5 21. Bxe5 Rxe5 22. Rae1 Qb6+ 23. Qf2 Qxf2+ 24. Kxf2 Rce8 25. Rxe5 Rxe5 26. Re1 f6 27. c4 Kf7 28.
Rc1 b6 29. b4 Ke7 30. c5 bxc5 31. bxc5 dxc5 32. Rxc5 Be4 33. Bxe4 Rxe4 34. Ra5 Kd6 35. Rxa6+ Kxd5 36. Ra7 g5 37. Kf3 Rb4 38. a4 Rb3+ 39. Kg4 Ra3 40. a5 Ke5 41. Re7+ Kd6 42. Rf7 Ke6 43. Ra7 Ra4+ 44. Kh5 Ra3 45. Ra6+ Kf5 46. g4+ Kf4 47. Rxf6+ Kg3 48. Kxg5 Rxa5+ 49. Rf5 Ra8 50.
h4 Rg8+ 51. Kf6 Kxg4 52. Rg5+ 1-0

[Event "Early-Titled-Tuesday-Blitz-May-28-2024"]
[Site "Chess.com"]
[Date "2024.05.28"]
[Round "3"]
[White "Kacparov"]
[Black "Yeritsyaan"]
[Result "1-0"]
[WhiteElo "2923"]
[BlackElo "2715"]
[TimeControl "180+1"]
[EndTime "8:29:39 PDT"]
[Termination "Kacparov won by resignation"]

1. e4 c5 2. Nf3 d6 3. d4 cxd4 4. Nxd4 Nf6 5. f3 g6 6. c4 Bg7 7. Nc3 O-O 8. Be3 Nc6 9. Qd2 Bd7 10. Be2 Nxd4 11. Bxd4 Bc6 12. O-O a5 13. Rac1 Nd7 14. Be3 Nc5 15. Rfd1 Be5 16. Bf1 e6 17. Bd4 Qh4 18.
Bxe5 dxe5 19. Qd6 Nd7 20. c5 Rfd8 21. Bb5 Rac8 22. Bf1 Qf4 23. Ne2 Qe3+ 24. Kh1 Nxc5 25. Qxc5 Qxc5 26. Rxd8+ Rxd8 27. Rxc5 Rd2 28. Kg1 Rxb2 29.
Rxa5 Kg7 30. Nc1 Kf6 31. Nd3 Rb5 32. Rxb5 Bxb5 33. Nb4 Ba4 34. Kf2 Ke7 35. Ke3 f5 36.
Bc4 Kd6 37. Nd3 f4+ 38. Kd2 g5 39. Nb2 Bc6 40. Bb3 b5 41. Nd3 h5 42. Nb4 Bd7 43. a3 g4 44. Bd1 g3 45. h4 Kc5 46. Kc3 Bc8 47. Be2 Bd7 48. Nd3+ Kd6 49. Kb4 Bc6 50.
Nc5 Be8 51. Bxb5 Bg6 52. a4 Bf7 53. a5 Kc7 54. Bc4 Be8 55. Nxe6+ Kb8 56. Nc5 Bc6 57.
Bb5 Ba8 58. Nd7+ Kc7 59. Nxe5 Bxe4 60. fxe4 f3 61. Nxf3 1-0

[Event "Early-Titled-Tuesday-Blitz-May-28-2024"]
[Site "Chess.com"]
[Date "2024.05.28"]
[Round "3"]
[White "Vaathi_Coming"]
[Black "juancruzarias"]
[Result "1/2-1/2"]
[WhiteElo "2896"]
[BlackElo "2673"]
[TimeControl "180+1"]
[EndTime "8:29:39 PDT"]
[Termination "Game drawn by agreement"]

1. Nf3 d5 2. e3 Nf6 3. d4 c5 4. Bd3 cxd4 5. exd4 Nc6 6. c3 Bg4 7.
Bf4 Qb6 8. Qb3 Bxf3 9. gxf3 e6 10. Nd2 Be7 11. Bg3 Rc8 12. O-O g6 13. Rfe1 O-O 14. Nf1 Nh5 15. Ne3 Bg5 16. Ng4 Kg7 17. Bf1 Bf4 18.
Qxb6 axb6 19. Ne3 Ne7 20. Nc2 Nf5 21. Nb4 g5 22. Nd3 Nh4 23. Bg2 h6 24. a4 Ra8 25.
Bh1 Rfc8 26. Ra3 Bc7 27. Ne5 Nf4 28. Bxf4 gxf4 29. Nd3 Kf6 30. Kf1 Rg8 31. Ke2 Bd6 32.
Rb3 Bc7 33. Ra3 Nf5 34. Kf1 Bd6 35. Raa1 h5 36. Ke2 h4 37. h3 Ra7 38. Rg1 Rxg1 39. Rxg1 Rxa4 40. Kd2 Ra8 41. Kc2 Bc7 42. Kb1 Rh8 43.
Rg4 Rh6 44. Bg2 Rg6 45. Bf1 Rxg4 46. fxg4 Nd6 47. Nxf4 Ne4 48. Nh5+ Ke7 49. Kc2 Nxf2 50. b3 Ne4 51. Bg2 Ng3 52. Nxg3 hxg3 53. c4 Kd6 54. h4 Bd8 55. h5 Bg5 56. cxd5 exd5 57.
Kd3 Ke6 58. Bf3 Bf4 59. Bg2 Bg5 60. Ke2 Bf6 61. Ke3 Bg5+ 62. Kf3 Bf6 63. Kxg3 Bxd4 64. g5 Kf5 65. Bxd5 Kxg5 66. Bxf7 b5 67. Kh3 b4 68. Bg6 b6 69. Bf7 Bc3 70. Bg8 Kh6 71.
Bf7 Kg7 72. Bg6 Kf6 73. Kg4 Kg7 74. Kh3 Kh6 75. Kg4 1/2-1/2

[Event "Early-Titled-Tuesday-Blitz-May-28-2024"]
[Site "Chess.com"]
[Date "2024.05.28"]
[Round "3"]
[White "Attacker_2006"]
[Black "TrahtarBelarus"]
[Result "1-0"]
[WhiteElo "2537"]
[BlackElo "2796"]
[TimeControl "180+1"]
[EndTime "8:29:39 PDT"]
[Termination "Attacker_2006 won on time"]

1. e4 c5 2. Nc3 Nc6 3. f4 g6 4. Nf3 Bg7 5. Bc4 e6 6. f5 gxf5 7. d3 a6 8. O-O b5 9. Bb3 Nge7 10. Qe1 Nd4 11. Nxd4 Bxd4+ 12. Kh1 Bb7 13. Be3 Qc7 14. a4 b4 15. Bxd4 cxd4 16. Ne2 fxe4 17. Nxd4 Rg8 18. dxe4 Qe5 19. Qf2 f5 20. Nf3 Qxe4 21. Rae1 Qc6 22. Qh4 a5 23. Qh5+ Kd8 24. Qxh7 Rc8 25.
Re2 Qc5 26. Bxe6 dxe6 27. Rxe6 Bd5 28. Rd1 Re8 29. Re5 Rc7 30. Qh6 Rd7 31. Qa6 Qc6 32. Qxa5+ Qc7 33. Rexd5 Nxd5 34. Qa8+ Qc8 35. Qa5+ Qc7 36.
Qa8+ Qc8 37. Qa5+ Nc7 38. Nd4 Ree7 39. Nc6+ Ke8 40. Rg1 Re6 41. Nxb4 Rde7 42. Qxf5 Qd7 43. Qh5+ Kd8 44. Nd3 Qd6 45. Qh8+ Kd7 46. Qc3 Nd5 47. Nc5+ Ke8 48. Qh8+ Kf7 49. Rf1+ Rf6 50. Qh7+ Kf8 51. Qh8+ Kf7 52. Qh7+ Ke8 53. Qg8+ 1-0

[Event "Early-Titled-Tuesday-Blitz-May-28-2024"]
[Site "Chess.com"]
[Date "2024.05.28"]
[Round "3"]
[White "GMthekingindian"]
[Black "TERMINATOR_PC"]
[Result "0-1"]
[WhiteElo "2364"]
[BlackElo "2596"]
[TimeControl "180+1"]
[EndTime "8:29:39 PDT"]
[Termination "TERMINATOR_PC won by checkmate"]

1. d4 Nf6 2. Nf3 e6 3. g3 b5 4. Bg2 Bb7 5. O-O c5 6. a4 b4 7.
c4 cxd4 8. Nxd4 Bxg2 9. Kxg2 Qc8 10.
Qd3 Nc6 11. Nxc6 Qxc6+ 12. Kg1 d5 13. Nd2 Be7 14. b3 O-O 15. Bb2 Rfd8 16. Qf3 Rac8 17. Rfd1 h6 18. Rac1 dxc4 19. Qxc6 Rxc6 20. Nxc4 Rxd1+ 21. Rxd1 Nd5 22. e4 Nb6 23. Nxb6 axb6 24. Rd7 Bc5 25.
Rd8+ Kh7 26. Bd4 Kg6 27. Kg2 f6 28. Rd7 e5 29. Bxc5 bxc5 30. Rb7 Rd6 31. a5 Rd3 32. Rb5 Rxb3 33. Rxc5 Ra3 34. Rb5 b3 35. a6 Rxa6 36. Rxb3 Ra4 37. f3 h5 38. h4 Ra7 39. Kh3 Kf7 40. Rc3 Ke6 41. Rc6+ Kd7 42. Rc3 Rc7 43. Rxc7+ Kxc7 44. g4 g6 45. gxh5 gxh5 46. Kg3 Kc6 47.
f4 Kc5 48. fxe5 fxe5 49. Kf2 Kd4 50. Kf3 Kd3 51. Kf2 Kxe4 52. Ke2 Kf4 53. Kd3 Kg4 54.
Ke4 Kxh4 55. Kxe5 Kg3 56. Ke4 h4 57. Ke3 h3 58. Ke2 h2 59. Kf1 h1=Q+ 60. Ke2 Qf3+ 61. Kd2 Kf4 62. Ke1 Qg2 63. Kd1 Ke3 64. Ke1 Qg1# 0-1

[Event "Early-Titled-Tuesday-Blitz-May-28-2024"]
[Site "Chess.com"]
[Date "2024.05.28"]
[Round "3"]
[White "KogotBobra17"]
[Black "crescentmoon2411"]
[Result "0-1"]
[WhiteElo "2654"]
[BlackElo "2890"]
[TimeControl "180+1"]
[EndTime "8:29:43 PDT"]
[Termination "crescentmoon2411 won on time"]

1. f4 d5 2. Nf3 c6 3. g3 g6 4.
Bg2 Bg7 5. O-O Nf6 6. d3 h5 7. Nc3 Bg4 8. e4 h4 9. e5 hxg3 10. exf6 Bxf6 11. Ne2 Qb6+ 12. d4 gxh2+ 13. Kh1 Nd7 14.
c3 Bxf3 15. Rxf3 e6 16. Be3 Qxb2 17. Rb1 Qxa2 18. Rxb7 Qa6 19. Rb1 Qc8 20. Rh3 Rxh3 21. Bxh3 a5 22. Qa4 Bd8 23. Kxh2 Nb6 24. Qa2 Nc4 25. Bf2 a4 26. Nc1 a3 27. Bf1 Nd6 28. Nd3 Ne4 29. Be1 Be7 30. Bg2 Nd6 31. Ne5 Kf8 32. Rb6 Ra6 33. Rb1 Kg7 34. Kg1 c5 35.
Bf2 Nf5 36. Bf1 Ra7 37. Rb3 cxd4 38. cxd4 Qc1 39. Nd3 Qd1 40. Rb1 Qg4+ 41. Bg2 Rc7 42. Qd2 Bh4 43. Ne5 Bxf2+ 44. Qxf2 Qg3 45. Qxg3 Nxg3 46. Ra1 Rc3 47. Kf2 Nf5 48. Nf3 Ne3 49. Bf1 Nc2 50. Ra2 Nb4 51. Ra1 a2 52. Be2 Rb3 53.
Nd2 Rb2 0-1

[Event "Early-Titled-Tuesday-Blitz-May-28-2024"]
[Site "Chess.com"]
[Date "2024.05.28"]
[Round "3"]
[White "Blitz_Lover1"]
[Black "Matols"]
[Result "0-1"]
[WhiteElo "2540"]
[BlackElo "2367"]
[TimeControl "180+1"]
[EndTime "8:29:43 PDT"]
[Termination "Matols won by checkmate"]

1. e4 c6 2. Nf3 d5 3. Nc3 dxe4 4.
Nxe4 Nf6 5. Nxf6+ exf6 6. d4 Bd6 7. Bd3 O-O 8. O-O Re8 9. h3 Na6 10. c3 Nc7 11. Bd2 Nd5 12. Qc2 g6 13. Rae1 Be6 14.
a3 Nf4 15. Bxf4 Bxf4 16. c4 Bc7 17. Rd1 Qd6 18. d5 cxd5 19. cxd5 Bd7 20. Qb3 Bb6 21. Bb5 Bxh3 22. Nd2 Re3 23. Nc4 Rxb3 24. Nxd6 Bg4 25. Rde1 Rxb2 26. Be8 Be2 27. Bxf7+ Kg7 28. Be6 Bxf1 29.
Rxf1 Bc5 30. Nc4 Rc2 31. d6 Rd8 32. d7 f5 33. Na5 Rb2 34. Nc4 Kf6 35. Nxb2 Kxe6 36.
Nd3 Bb6 37. Nf4+ Kxd7 38. Rd1+ Ke8 39. Re1+ Kf7 40. Ne6 Rd2 41. Ng5+ Kf6 42. Nh3 Ra2 43. Re8 g5 44. Kh2 g4 45. Nf4 Bc7 46. g3 Rxf2+ 47. Kg1 Ra2 48. Nd5+ Kf7 49. Nxc7 Rc2 50. Rc8 Rc3 51.
Kf2 h5 52. Ke2 h4 53. gxh4 f4 54. Kf2 g3+ 55. Kg2 Rc2+ 56. Kg1 f3 57. Rf8+ Kxf8 58. Ne6+ Ke7 59. Nd4 Rc1# 0-1

[Event "Early-Titled-Tuesday-Blitz-May-28-2024"]
[Site "Chess.com"]
[Date "2024.05.28"]
[Round "3"]
[White "laskakid"]
[Black "MikeWizard"]
[Result "0-1"]
[WhiteElo "2353"]
[BlackElo "2016"]
[TimeControl "180+1"]
[EndTime "8:29:43 PDT"]
[Termination "MikeWizard won on time"]

1. Nf3 Nf6 2. g3 g6 3. b3 Bg7 4. Bb2 O-O 5. Bg2 d6 6. d4 Nbd7 7. O-O c5 8. c4 Rb8 9. Nc3 a6 10.
dxc5 Nxc5 11. Nd4 Bg4 12. h3 Bd7 13. Kh2 Qa5 14. a3 Qc7 15. Rc1 Ne6 16. Nd5 Qd8 17. Qd2 Nxd4 18. Bxd4 Nxd5 19. Bxg7 Kxg7 20. cxd5 Qb6 21.
Qb2+ Kg8 22. Rc4 Rbc8 23. Rfc1 Rxc4 24. Rxc4 Rc8 25. Rxc8+ Bxc8 26. Qc3 Qc5 27. Qxc5 dxc5 28. e4 e5 29. Bf1 Kf8 30. f4 f6 31. Kg2 Ke7 32. Kf3 Kd6 33. h4 b5 34. Ke3 Bb7 35. a4 bxa4 36. bxa4 a5 37. Bb5 f5 38.
Bc4 Bc8 39. Kf3 fxe4+ 40. Kxe4 Bf5+ 41. Ke3 Bc2 42. fxe5+ Kxe5 43. Bb5 Kxd5 44. Kd2 Bb3 45. Kc3 Bd1 46. Kd2 Bg4 47. Kc3 h6 48. Be8 Bf5 49.
Bb5 g5 50. hxg5 hxg5 51. Be8 Be6 52. Bb5 Ke5 53. Be2 Ke4 54. Bd1 Ke3 55. Bh5 Kf2 56.
g4 Kg3 57. Kd3 Kf4 58. Kc3 Bd7 59. Bf7 Bxa4 60. Kc4 Bd1 61. Kxc5 Bxg4 62. Kb5 Bf3 63. Be6 Bg4 64. Bd5 Bf5 65. Kxa5 g4 66. Kb4 Be4 67. Be6 g3 68. Bh3 Bf5 69. Bf1 Bg4 70. Kc3 Ke3 71. Kc4 Kf2 72. Bd3 g2 73. Be4 g1=Q 0-1

[Event "Early-Titled-Tuesday-Blitz-May-28-2024"]
[Site "Chess.com"]
[Date "2024.05.28"]
[Round "3"]
[White "2Coaches1Profile"]
[Black "Iball95"]
[Result "0-1"]
[WhiteElo "2579"]
[BlackElo "2862"]
[TimeControl "180+1"]
[EndTime "8:29:44 PDT"]
[Termination "Iball95 won by resignation"]

1. d4 d5 2. Nf3 Nf6 3. Nbd2 e6 4. e3 c5 5. c3 Nc6 6. Bd3 Qc7 7. O-O Be7 8. dxc5 Bxc5 9. e4 O-O 10. Qe2 h6 11. b4 Bb6 12. Bb2 Re8 13. a3 Bd7 14. e5 Ng4 15. c4 dxc4 16. Nxc4 h5 17. Rac1 a6 18. h3 Nh6 19. Ng5 g6 20. Qf3 Re7 21. g4 Bd4 22. Bxd4 Nxd4 23. Qe4 Nc6 24. gxh5 Nf5 25.
Rfd1 Kg7 26. Qf4 Rh8 27. hxg6 fxg6 28. Bxf5 exf5 29. Nd6 Be8 30. e6 Rh5 31. h4 Kg8 32. Rc5 Qd8 33. Re1 Rc7 34. Nf3 Re7 35. Nd4 Qc7 36. Nxc6 Bxc6 37. Qe5 Qd8 38. Rd1 Qf8 39. Rd4 Qg7 40. Qxg7+ Kxg7 41. Nc4 Rxe6 42. Na5 g5 43.
Nxc6 bxc6 44. Rd7+ Kf6 45. Rc7 Rxh4 46. R7xc6 Rg4+ 47.
Kf1 Re4 48. a4 Rxb4 49. Rxe6+ Kxe6 50. Rc6+ Ke5 51. Rxa6 Kf4 52. Ra8 g4 53. Kg2 Rb2 54. Rg8 Ra2 55. Ra8 g3 56. a5 Rxf2+ 57. Kg1 Ra2 58.
a6 Kf3 0-1

[Event "Early-Titled-Tuesday-Blitz-May-28-2024"]
[Site "Chess.com"]
[Date "2024.05.28"]
[Round "3"]
[White "ahkashefi2800"]
[Black "RianKapriaga"]
[Result "0-1"]
[WhiteElo "2551"]
[BlackElo "2319"]
[TimeControl "180+1"]
[EndTime "8:29:44 PDT"]
[Termination "RianKapriaga won on time"]

1. d4 Nf6 2. Bg5 e6 3. e4 h6 4.
Bxf6 Qxf6 5. Nf3 d6 6. Nc3 a6 7. Bd3 g6 8. O-O Bg7 9. Re1 Qd8 10. e5 O-O 11. Qe2 Nc6 12. Rad1 b5 13. Ne4 Nb4 14. c3 Nxd3 15. Qxd3 Bb7 16. a3 Qe7 17. Qe3 Rfd8 18. exd6 cxd6 19. Qf4 a5 20. Ng3 Qf6 21. Qe3 b4 22.
axb4 axb4 23. Ne4 Qe7 24. h3 Bd5 25. Ned2 Rdc8 26. Qd3 Qc7 27. Rc1 Ra2 28. c4 Bxf3 29. Qb3 Bxg2 30. Qxa2 Bxh3 31. Qb3 Bf5 32. Qe3 Qe7 33. Nf1 b3 34. Ng3 Bc2 35. c5 dxc5 36. dxc5 Qxc5 37. Rb1 Bxb1 38. Rxb1 Qxe3 39. fxe3 Rc2 40.
Ne4 Rxb2 41. Rd1 Rc2 42. Rd8+ Kh7 43. Rb8 b2 44. Nd6 Rc1+ 45. Kf2 b1=Q 46. Rxb1 Rxb1 47.
Nxf7 Rb5 48. Nd8 Rb6 49. Ke2 Bf6 50. Nf7 Kg7 0-1

[Event "Early-Titled-Tuesday-Blitz-May-28-2024"]
[Site "Chess.com"]
[Date "2024.05.28"]
[Round "3"]
[White "Dexter_Dyke"]
[Black "Malev212"]
[Result "0-1"]
[WhiteElo "2446"]
[BlackElo "2628"]
[TimeControl "180+1"]
[EndTime "8:29:46 PDT"]
[Termination "Malev212 won on time"]

1. e4 e5 2. Nf3 Nc6 3. Bb5 a6 4. Ba4 b5 5. Bb3 Na5 6. O-O d6 7. d4 f6 8. c3 Nxb3 9. axb3 Bb7 10. Nbd2 Ne7 11. Re1 Ng6 12. Nf1 Be7 13. Ng3 O-O 14. d5 Bc8 15. c4 Bd7 16. Be3 Rf7 17.
Qc2 c5 18. dxc6 Bxc6 19. Rad1 Qc8 20. h4 Nf8 21. h5 Qb7 22. Nh4 Ne6 23. Nhf5 Rd8 24.
Rd5 Bf8 25. Qe2 bxc4 26. bxc4 Nf4 27. Qd2 Nxd5 28. exd5 Bd7 29. b4 g6 30. hxg6 hxg6 31. Nh4 Kh7 32. f4 f5 33. Nf3 Kg8 34. fxe5 dxe5 35.
Nxe5 Bxb4 36. Qb2 Re8 37. Bd4 Qb8 38. Re2 Rfe7 39. Nxg6 Qxg3 40. Nxe7+ Rxe7 41. Rxe7 Bxe7 42. c5 Bg5 43. Qe2 Bb5 44. Qe6+ Kh7 45. Qf7+ Kh6 46. Qxf5 Be3+ 47. Bxe3+ Qxe3+ 48. Kh2 Qxc5 49. Qf6+ Kh7 50. Qf7+ Kh8 51. Qf6+ Kg8 52. Qg6+ Kf8 53. Qf6+ Ke8 54. d6 Qe3 55. g4 Kd7 56. g5 Bc6 0-1